 Dungeon Crawl Stone Soup version 0.23.0-3-gf3c87f2 (webtiles) character file.

Game seed: 14506269607762720005

1151 Borgoz the Sneak (level 8, -2/72 HPs)
             Began as a Kobold Assassin on Feb 23, 2019.
             Slain by an orc warrior
             ... wielding a +0 war axe
              (9 damage)
             ... on level 5 of the Dungeon.
             The game lasted 00:10:11 (3656 turns).

Borgoz the Sneak (Kobold Assassin)                  Turns: 3656, Time: 00:10:12

Health: -2/72      AC: 24    Str: 16    XL:     8   Next: 65%
Magic:  8/8        EV:  3    Int: 12    God:
Gold:   255        SH:  0    Dex: 16    Spells: 7/7 levels left

rFire    + . .     SeeInvis .   a - +2 dagger
rCold    + . .     Gourm    .   (shield restricted)
rNeg     + + +     Faith    .   (armour currently unavailable)
rPois    +         Spirit   .   (helmet currently unavailable)
rElec    +         Reflect  .   (cloak currently unavailable)
rCorr    +         Harm     .   (gloves currently unavailable)
MR       .....     NoTele   +   (boots currently unavailable)
Stlth    +++.......             j - amulet of regeneration
HPRegen  0.62/turn              l - ring of poison resistance
MPRegen  0.11/turn              z - +5 ring of strength

@: lethally poisoned (-2 -> -2), tree-form, resistant, slowed, heavily drained,
very slow
A: small, carnivore
a: no special abilities


You were on level 5 of the Dungeon.
You were completely stuffed.
You were a tree.
You visited 1 branch of the dungeon, and saw 5 of its levels.
You also visited: Ossuary.

You collected 255 gold pieces.

Inventory:

Hand Weapons
 a - a +2 dagger (weapon)
 b - a +0 blowgun
Missiles
 e - 43 poisoned needles
 f - 2 curare-tipped needles
Armour
 m - a +0 leather armour (melded)
 p - a +0 pair of boots of stealth (melded)
 v - a scarf of repulsion (melded)
Jewellery
 j - an amulet of regeneration (around neck)
 l - a ring of poison resistance (left branch)
 n - an uncursed amulet of the acrobat
 s - an uncursed amulet of harm
 z - a +5 ring of strength (right branch)
Scrolls
 d - 3 scrolls of noise {unknown}
 h - 4 scrolls of teleportation
 o - 2 scrolls of enchant armour {unknown}
 q - 4 scrolls of remove curse
 u - 4 scrolls of identify
 x - a scroll of random uselessness {unknown}
 y - a scroll of immolation {unknown}
 B - a scroll of amnesia {unknown}
Potions
 k - a potion of brilliance
 r - 2 potions of curing
Comestibles
 g - 7 rations
 t - 7 chunks of flesh


   Skills:
 + Level 4.8(3.5) Fighting
 + Level 5.7(4.3) Short Blades
 + Level 4.8(3.4) Throwing
 + Level 3.0(1.7) Armour
 + Level 4.6(3.3) Dodging
 + Level 7.7(6.2) Stealth


You had 7 spell levels left.
You didn't know any spells.
Your spell library was empty.

Dungeon Overview and Level Annotations

Branches:
Dungeon (5/15)
 Temple: D:4-7

Altars:
Cheibriados
Kikubaaqudgha
Qazlal
Wu Jian
The Shining One
Beogh

Shops:
D:4 %

Annotations:
D:3 3 runed translucent doors, elfaar's ghost, amateur DrFE


Innate Abilities, Weirdness & Mutations

You are small and have problems with some larger weapons.
You are carnivorous and can eat meat at any time.


Message History

The orc warrior hits you with a +0 war axe.
* * * LOW HITPOINT WARNING * * *
The orc wizard mumbles some strange words.
The orc wizard blinks!
The adder bites you.
* * * LOW HITPOINT WARNING * * *
The orc wizard hits you with a +0 dagger of venom.
* * * LOW HITPOINT WARNING * * *
The orc warrior hits you but does no damage.
It was a potion of magic.
Magic courses through your body.
You feel sick. The adder bites you but does no damage.
The orc wizard hits you but does no damage.
The adder completely misses you.
The orc warrior hits you with a +0 war axe.
* * * LOW HITPOINT WARNING * * *
You hit the orc wizard.
The orc wizard is moderately wounded.
You feel sick. The adder bites you but does no damage.
The orc wizard completely misses you.
The orc warrior hits you with a +0 war axe!
You die...

........ .. #.h...#
....##.....#
...........+
......#....##+##
.......((.....o#
.............oh+ .
............(ho#####....
.....##....(oooo♣S......
.............####o......
........................
......................##
.......................+
.......).............###
...........##......###
###.......## .......
#.................


You could see an orc warrior, 2 orc wizards, an adder, 4 orcs and a jackal.

Vanquished Creatures
  Edmund (D:4)
  Menkaure (D:4)
  An ogre (D:4)
  A centaur (D:5)
  A howler monkey (D:4)
  2 bullfrog zombies (Ossuary)
  3 centaur zombies (Ossuary)
  A hound (D:4)
  An iguana (D:4)
  2 hound zombies (Ossuary)
  A hound skeleton (D:4)
  18 mummies (Ossuary)
  2 worker ant zombies (Ossuary)
  4 adders
  A shadow imp (D:3)
  An ooze (D:1)
  An adder zombie (Ossuary)
  3 worms
  2 dart slugs
  2 leopard geckos
  4 orcs
  2 giant cockroaches
  6 goblins
  8 hobgoblins
  16 jackals
  4 kobolds
  2 quokkas
  A ball python skeleton (D:4)
  6 bats
  5 frilled lizards
  A giant cockroach zombie (Ossuary)
  A goblin zombie (D:4)
  2 quokka zombies
  3 rats
  A rat zombie (D:4)
111 creatures vanquished.

Vanquished Creatures (others)
  A withered plant (Ossuary)
1 creature vanquished.

Grand Total: 112 creatures vanquished

Notes
Turn   | Place    | Note
-------+----------+-------------------------------------------
     0 | D:1      | Borgoz the Kobold Assassin began the quest for the Orb.
     0 | D:1      | Reached XP level 1. HP: 12/12 MP: 1/1
   236 | D:1      | Reached XP level 2. HP: 17/17 MP: 2/2
   380 | D:1      | Reached XP level 3. HP: 20/22 MP: 3/3
   740 | D:2      | Reached skill level 1 in Armour
   789 | D:2      | Reached XP level 4. HP: 14/27 MP: 4/4
  1031 | D:2      | Found an ancient bone altar of Kikubaaqudgha.
  1365 | D:3      | Found an ornate altar of the Wu Jian Council.
  1366 | D:3      | Found a snail-covered altar of Cheibriados.
  1396 | D:3      | Reached XP level 5. HP: 22/32 MP: 5/5
  1556 | D:3      | Found a stormy altar of Qazlal.
  1839 | D:3      | Found a runed translucent gate.
  1839 | D:3      | Identified the +10 short sword of Forced Transition
                  | {freeze, Int+4}
  1839 | D:3      | Identified the +1 scale mail "Neduet" {rPois rC+ MR-}
  1840 | D:3      | Found a runed translucent gate.
  1841 | D:3      | Found a runed translucent gate.
  1841 | D:3      | Noticed elfaar's ghost (amateur DrFE)
  1847 | D:3      | Found a roughly hewn altar of Beogh.
  2056 | D:4      | Noticed an ogre
  2091 | D:4      | Reached skill level 6 in Stealth
  2107 | D:4      | Found a sand-covered staircase.
  2127 | Ossuary  | Entered an ossuary
  2185 | Ossuary  | Reached XP level 6. HP: 19/37 MP: 6/6
  2256 | Ossuary  | Reached XP level 7. HP: 18/41 MP: 7/7
  2533 | Ossuary  | Reached skill level 7 in Stealth
  2673 | D:4      | Found Xopsyr Rerpho's Food Shoppe.
  2690 | D:4      | Reached skill level 5 in Short Blades
  2693 | D:4      | Reached XP level 8. HP: 48/48 MP: 8/8
  2794 | D:4      | Noticed Menkaure
  2814 | D:4      | Killed Menkaure
  3041 | D:4      | Found a glowing golden altar of the Shining One.
  3311 | D:4      | Noticed Edmund
  3339 | D:4      | Killed Edmund
  3483 | D:5      | Entered Level 5 of the Dungeon
  3656 | D:5      | Slain by an orc warrior

Skill      XL: |  1  2  3  4  5  6  7  8 |
---------------+-------------------------+-----
Short Blades   | 3 4 5 |  5.7
Armour         | 1 2 3 |  3.0
Dodging        | 2 3 4 |  4.6
Throwing       | 3 4 |  4.8
Fighting       | 3 4 |  4.8
Stealth        | 6 7 |  7.7

Action                   |  1- 3 |  4- 6 |  7- 9 || total
-------------------------+-------+-------+-------++-------
Melee: Dagger            |   123 |   264 |   255 ||   642
 Fire: Blowgun           |     2 |       |       ||     2
Evoke: Wand              |       |     4 |     9 ||    13
  Use: Scroll            |     1 |     3 |     3 ||     7
       Potion            |       |     5 |    10 ||    15
 Stab: Sleeping          |     7 |     7 |     1 ||    15
       Invisible         |       |     5 |       ||     5
       Distracted        |       |     1 |     1 ||     2
  Eat: Chunk             |     8 |     5 |     5 ||    18
Armor: Robe              |    11 |       |       ||    11
       Leather armour    |    17 |    36 |    26 ||    79
       Skin              |       |    24 |    25 ||    49
Dodge: Dodged            |    69 |   150 |   127 ||   346
       Deflected         |       |       |     4 ||     4
